 Dungeon Crawl Stone Soup version bcrawl-1.37.2 (webtiles) character file.

Game seed: 3507537917629144786

330131 Mehrunes the Whirler (level 16, -12/112 HPs)
             Began as a Demigod Fire Elementalist on Oct 29, 2022.
             Killed by the air
             ... invoked by a wind drake
              (16 damage)
             ... on level 3 of the Shoals.
             The game lasted 02:22:20 (39823 turns).

Mehrunes the Whirler (Demigod Fire Elementalist)   Turns: 39823, Time: 02:22:20

Health: -12/112    AC: 17    Str: 18    XL:     16   Next: 12%
Magic:  18/29      EV: 21    Int: 25    God:    Demigod [*****.]
Gold:   2232       SH: 25    Dex: 22    Spells: 3/25 levels left

rFire    + . .     GDR:     32% D - +2 fustibalus
rCold    . . .     SeeInvis .   b - +2 buckler {rF+}
rNeg     + + .     Gourm    .   S - +0 steam dragon scales
rPois    +         Faith    .   h - +2 helmet
rElec    +         Spirit   .   L - +2 cloak {+Inv}
rCorr    +         Reflect  +   r - +2 pair of gloves
MR       +....                  u - +2 pair of boots
Stlth    +.........             F - +5 amulet of reflection
HPRegen  0.28/turn              s - ring of Xom's Ringing Laughter {*Contam rElec rN++ rCorr Int+2}
MPRegen  0.21/turn              z - ring of Dishonesty {rPois Dex+5 Stlth--} (curse)

@: divine shield, very slightly contaminated, very slow
A: high mp 1
a: Temporal Distortion, Growth, Major Destruction, Heroism, Divine Shield, Evoke
Invisibility


You were on level 3 of the Shoals.
You worshipped Demigod.
Demigod was extremely pleased with you.
You were hungry.

You visited 4 branches of the dungeon, and saw 21 of its levels.

You collected 2895 gold pieces.
You spent 663 gold pieces at shops.

Inventory:

Hand Weapons
 D - a +2 fustibalus (weapon)
Missiles
 d - 3106 stones
 q - 1458 sling bullets (quivered)
Armour
 b - a +2 buckler of fire resistance (worn)
 h - a +2 helmet (worn)
 r - a +2 pair of gloves (worn)
 u - a +2 pair of boots (worn)
 B - a +2 robe of positive energy
 L - a +2 cloak of invisibility (worn)
 O - a scarf of stasis
 S - +0 steam dragon scales (worn)
 X - a +2 leather armour of fire resistance
Magical Staves
 T - an uncursed staff of poison
Jewellery
 l - an uncursed amulet of guardian spirit
 s - the ring of Xom's Ringing Laughter (left hand) {*Contam rElec rN++ rCorr Int+2}
   (You found it on level 10 of the Dungeon)

   [ring of resist corrosion]

   It affects your intelligence (+2).
   It insulates you from electricity.
   It greatly protects you from negative energy.
   It causes magical contamination when unequipped.
   It provides partial protection from all sources of acid and corrosion.
 v - a +2 ring of dexterity
 z - the cursed ring of Dishonesty (right hand) {rPois Dex+5 Stlth--}
   (You took it off a merfolk on level 1 of the Shoals)

   [ring of attention]

   It affects your dexterity (+5).
   It protects you from poison.
   It makes you much less stealthy.
   It has a curse placed upon it.
 F - a +5 amulet of reflection (around neck)
 I - an uncursed amulet of regeneration
 P - the ring "Vitainutz" {Wiz Int+3 Dex+5 SInv}
   (You bought it in a shop on level 8 of the Dungeon)

   [ring of wizardry]

   It improves your spell success rate.
   It affects your intelligence (+3).
   It affects your dexterity (+5).
   It lets you see invisible.
 V - an uncursed ring of flight
Wands
 c - a wand of scattershot (3)
 p - a wand of iceblast (15)
 H - a wand of clouds (3)
 W - a wand of acid (3)
 Z - a wand of digging (11)
Scrolls
 i - 2 scrolls of identify
 k - 12 scrolls of remove curse
 x - 4 scrolls of amnesia
 y - a scroll of enchant armour
 R - 4 scrolls of magic mapping
Potions
 f - 2 potions of brilliance {unknown}
 j - 4 potions of might
 m - 3 potions of berserk rage
 n - a potion of ambrosia {unknown}
 o - 3 potions of curing
 t - 2 potions of mutation {unknown}
 w - 4 potions of flight {unknown}
 M - 2 potions of magic {unknown}
 N - 2 potions of haste {unknown}
 Y - 2 potions of degeneration {unknown}
Miscellaneous
 a - a phial of floods
 Q - a lamp of fire
Comestibles
 e - 26 rations {!d}


   Skills:
 - Level 2.4 Fighting
 - Level 16.0 Slings
 - Level 10.0 Dodging
 - Level 2.5 Stealth
 - Level 5.0 Shields
 - Level 5.1 Spellcasting
 - Level 7.3 Conjurations
 + Level 6.7 Summonings
 - Level 7.8 Fire Magic
 + Level 6.7 Air Magic
 - Level 5.0 Poison Magic
 - Level 12.0 Invocations
 - Level 4.0 Evocations


You had 3 spell levels left.
You knew the following spells:

 Your Spells              Type           Power        Failure   Level  Hunger
a - Flame Tongue          Conj/Fire      #####        1%          1    None
b - Flaming Arrows        Chrm/Fire      ####....     4%          2    None
c - Conjure Flame         Conj/Fire      #####...     1%          3    ###....
d - Sticky Flame          Conj/Fire      #####...     7%          4    #####..
e - Olgreb's Toxic Radia  Pois           ####.....    19%         4    #####..
f - Ignite Poison         Fire/Tmut/Pois ####....     8%          3    ###....
g - Summon Lightning Spi  Summ/Air       #####...     26%         5    ######.

Your spell library contained the following spells:

 Spells                   Type           Power        Failure   Level  Hunger
 Sting                    Conj/Pois      ####         1%          1    None
 Summon Butterflies       Summ           #####...     1%          1    None
 Summon Small Mammal      Summ           ####         1%          1    None
 Call Imp                 Summ           #####.       1%          2    None
 Poisonous Vapours        Pois/Air       #####.       1%          2    None
 Throw Frost              Conj/Ice       ###...       1%          2    None
 Call Canine Familiar     Summ           #####...     2%          3    ###....
 Inner Flame              Hex/Fire       N/A          9%          3    ###....
 Recall                   Summ/Tloc      N/A          12%         3    ###....
 Apportation              Tloc           #.....       16%         1    None
 Corona                   Hex            #......      16%         1    None
 Freeze                   Ice            #.....       16%         1    None
 Infusion                 Chrm           #.......     16%         1    None
 Sandblast                Erth           #.....       16%         1    None
 Slow                     Hex            #.......     16%         1    None
 Ozocubu's Armour         Chrm/Ice       #.......     41%         3    ###....
 Regeneration             Chrm/Necr      #.........   41%         3    ###....
 Teleport Other           Tloc           #.......     41%         3    ###....
 Summon Scorpions         Summ/Pois      #####...     14%         4    #####..
 Fireball                 Conj/Fire      #####.....   19%         5    ######.
 Throw Icicle             Conj/Ice       ###.....     32%         4    #####..
 Venom Bolt               Conj/Pois      #####.....   32%         5    ######.
 Summon Ice Beast         Ice/Summ       ###.....     36%         4    #####..
 Animate Dead             Necr           N/A          83%         4    #####..
 Ice Form                 Ice/Tmut       #.......     83%         4    #####..
 Dispel Undead            Necr           #.......     99%         5    ######.
 Passage of Golubria      Tloc           N/A          99%         5    ######.
 Death Channel            Chrm/Necr      #.........   100%        6    #######
 Infestation              Hex/Tmut/Pois  ##.......    100%        6    #######
 Simulacrum               Ice/Necr       #.......     100%        6    #######
 Virulence                Hex/Pois       ###.....     100%        6    #######


Dungeon Overview and Level Annotations

Branches:
Dungeon (11/12)            Temple (0/1) D:4            Lair (6/6) D:8
 Shoals (3/3) Lair:3        Slime (0/5) Lair:6          Orc (1/1) D:11
    Elf (0/3) Orc          Vaults (0/3) D:11
  Swamp: Lair:2-4     Snake: Lair:2-4    Spider: Lair:2-4

Shops:
D:6 *   D:8 =   D:11 ?   Orc *=%%

Annotations:
D:5 2 transporters, yrara's ghost, novice DsFi
Lair:2 1 exclusion
Lair:6 1 runed door
Shoals:3 Polyphemus


Innate Abilities, Weirdness & Mutations

You have an increased reservoir of magic. (+10% MP)


Message History

The harpy misses you. The harpy claws you but does no damage.
Your merfolk hits the plant with a +0 trident!
Your cyclops hits the plant!! You block the harpy's attack. x2
The wind drake flaps its wings at you. The air twists around and strikes you.
* * * LOW HITPOINT WARNING * * *
Casting: Sticky Flame (safe; 7% risk of failure)
Confirm with . or Enter, or press ? or * to list all spells.
Aiming: Sticky Flame (safe; 7% risk of failure)
Press: ? - help, Shift-Dir - straight line, f/p - harpy
Aim: a harpy (almost dead)
The sticky flame hits the harpy!
You kill the harpy!
Your kill strengthens your divinity.
Your dream sheep dissolves into shadows!
Your merfolk hits the plant with a +0 trident!
The wind drake flaps its wings at you. The air twists around and strikes you!
You die...
Your divinity fades.

≈≈≈≈≈≈≈#≈##≈≈≈.≈≈≈≈≈≈≈≈≈≈≈≈≈P#..≈
≈≈≈≈≈≈≈P≈≈#≈≈..≈≈≈≈≈≈≈≈≈≈≈≈≈≈≈≈≈≈
P≈≈≈≈PPP≈≈≈≈≈..≈≈≈≈≈≈≈≈≈≈≈≈≈≈≈≈≈≈
≈≈≈P≈#≈≈≈≈≈kP#.≈≈≈≈≈≈≈≈≈≈≈≈≈≈≈≈≈≈
≈P.P##≈≈≈≈≈≈.#)≈≈≈≈≈≈≈≈≈≈≈≈.≈≈≈≈≈
...P#≈≈≈φ≈≈≈#P)≈≈≈≈≈..≈≈.....≈≈≈≈
.m.#≈≈≈≈≈≈≈##P≈≈m≈..(....P<..≈≈≈≈
...#P≈≈≈≈≈≈#.P≈m≈≈........##...≈≈
≈≈≈≈P≈≈P≈PCP..PP@t...≈≈...# #..≈≈
#≈≈≈≈...PPP≈...≈≈≈.÷###..≈≈
##≈#≈P.....≈≈≈.≈≈≈...#..≈≈≈
≈≈≈≈≈.......m≈≈≈≈≈....<..≈≈
≈≈≈≈≈≈≈≈≈≈......≈≈≈≈≈≈≈≈...≈≈≈≈≈≈
≈≈≈≈P≈≈≈≈P......≈≈≈≈≈≈≈....≈≈≈≈≈≈
≈≈P≈≈≈≈≈≈≈≈....≈≈≈≈≈≈≈≈≈≈≈≈≈≈≈≈≈≈
≈≈≈≈≈≈≈≈P≈≈≈P≈≈≈P≈P≈≈P≈≈≈≈≈≈≈≈≈≈≈
≈≈PP≈≈≈≈≈≈≈≈≈.≈≈PP≈≈≈≈≈≈≈≈≈≈≈≈≈≈≈


You could see a wind drake, 2 merfolk, a friendly snapping turtle, a friendly
merfolk and a friendly cyclops.

Vanquished Creatures
  Gastronok (Lair:1)
  Jorgrun (Shoals:2)
  A kraken (Shoals:1)
  Kirke (Lair:6)
  2 dire elephants (Lair:6)
  A merfolk javelineer (Shoals:3)
  3 merfolk impalers (Shoals:2)
  A rakshasa (D:10)
  5 hydras
  2 merfolk avatars (Shoals:2)
  4 vault guards
  2 catoblepae
  2 two-headed ogres (D:10)
  2 satyrs (Shoals:2)
  8 death yaks
  2 sea snakes (Shoals:1)
  A tengu warrior (D:10)
  2 fire crabs
  4 skeletal warriors
  A lindwurm (Lair:6)
  Pikel (D:7)
  A cyclops (Orc)
  4 harpies (Shoals:3)
  2 wolf spiders (Lair:6)
  A deep elf mage (D:11)
  2 ugly things
  An oklob plant (Lair:2)
  An orc sorcerer (Orc)
  7 manticores
  11 fauns
  9 black mambas
  3 merfolk sirens (Shoals:1)
  7 elephants
  11 cane toads
  5 water nymphs
  11 komodo dragons
  A kobold demonologist (D:9)
  16 rime drakes
  3 tengu conjurers (D:11)
  4 wind drakes
  11 polar bears
  4 trolls
  14 merfolk
  Prince Ribbit (D:9)
  A raiju (Lair:6)
  6 snapping turtles
  7 hippogriffs
  3 slime creatures (D:9)
  A meliai zombie (D:11)
  19 blink frogs
  Grum (Lair:6)
  2 dream sheep (Lair:6)
  A spriggan (Lair:3)
  4 water elementals
  Sigmund (D:6)
  8 humans (D:7)
  6 wyverns
  A fire bat (Shoals:1)
  4 hogs
  22 yaks
  6 vampire mosquitoes
  2 basilisks
  8 steam dragons
  7 wargs
  A hungry ghost (D:8)
  A swamp worm (Lair:2)
  2 acid dragons
  11 crocodiles
  4 water moccasins
  7 porcupines
  16 hell hounds
  A hornet zombie (D:7)
  3 ice beasts
  A soldier ant (D:10)
  26 orc warriors
  3 sky beasts
  14 black bears
  6 ogres
  63 wolves
  12 bullfrogs
  4 kobold brigands
  15 centaurs
  7 wights
  7 killer bees
  2 electric eels (D:11)
  4 howler monkeys
  10 orc priests
  6 crimson imps
  3 bullfrog zombies
  5 hounds
  A quasit (D:9)
  Crazy Yiuf (D:7)
  14 jellies
  2 iguanas
  9 orc wizards
  3 worker ants
  A mummy (D:5)
  A howler monkey skeleton (D:4)
  A worker ant zombie (D:6)
  17 adders
  10 oozes
  3 adder skeletons
  2 adder zombies
  4 worms
  4 dart slugs
  4 leopard geckos
  59 orcs
  3 bats
  3 giant cockroaches
  2 gnoll zombies (D:9)
  3 goblins
  10 hobgoblins
  14 jackals
  5 quokkas
  A ball python (D:1)
  3 frilled lizards
  A jackal skeleton (D:7)
  25 kobolds
  3 rats
730 creatures vanquished.

Vanquished Creatures (collateral kills)
  A merfolk javelineer (Shoals:3)
  An oklob plant (Lair:3)
  A faun (Shoals:3)
3 creatures vanquished.

Vanquished Creatures (others)
  A satyr (Shoals:3)
  An orc knight (Orc)
  2 manticores
  A rime drake (Lair:2)
  A human (Lair:6)
  2 orc warriors (Orc)
  A centaur (Orc)
  4 orcs
  2 kobolds
  A bush (Lair:6)
  52 fungi
  82 plants
  19 tentacles (Shoals:1)
169 creatures vanquished.

Grand Total: 902 creatures vanquished

Notes
Turn   | Place    | Note
-------+----------+-------------------------------------------
     0 | D:1      | Mehrunes the Demigod Fire Elementalist began the quest for
                  | the Orb.
     0 | D:1      | Reached XP level 1. HP: 14/14 MP: 5/5
   135 | D:1      | Reached skill level 1 in Conjurations
   278 | D:1      | Reached XP level 2. HP: 20/20 MP: 4/7
   996 | D:2      | Reached XP level 3. HP: 20/26 MP: 2/8
  1059 | D:2      | Reached * piety under Demigod
  1759 | D:3      | Learned a level 2 spell: Flaming Arrows
  1763 | D:3      | Learned a level 3 spell: Conjure Flame
  1862 | D:3      | Reached XP level 4. HP: 33/33 MP: 5/10
  2248 | D:3      | Reached ** piety under Demigod
  2317 | D:3      | Reached XP level 5. HP: 33/38 MP: 5/11
  2932 | D:3      | Reached XP level 6. HP: 29/45 MP: 7/12
  3499 | D:4      | Found a staircase to the Ecumenical Temple.
  3939 | D:5      | Entered Level 5 of the Dungeon
  4126 | D:5      | Noticed an orc warrior
  4128 | D:5      | Reached skill level 1 in Invocations
  4217 | D:5      | Reached skill level 1 in Slings
  4217 | D:5      | Reached XP level 7. HP: 50/50 MP: 6/13
  4251 | D:5      | Reached skill level 2 in Slings
  4976 | D:4      | Reached skill level 3 in Slings
  5273 | D:5      | Reached skill level 5 in Invocations
  5294 | D:5      | Found a transporter.
  5294 | D:5      | Noticed yrara's ghost (novice DsFi)
  5320 | D:5      | Found a transporter.
  5818 | D:6      | Reached XP level 8. HP: 39/57 MP: 8/15
  6100 | D:6      | Found a white marble altar of Elyvilon.
  6267 | D:6      | Reached skill level 4 in Slings
  6385 | D:6      | Reached *** piety under Demigod
  6515 | D:6      | Learned a level 4 spell: Sticky Flame
  7052 | D:6      | Noticed a hippogriff
  7071 | D:6      | Killed a hippogriff
  7072 | D:6      | Reached skill level 5 in Slings
  7149 | D:6      | Noticed Sigmund
  7166 | D:6      | Killed Sigmund
  7246 | D:6      | Reached skill level 6 in Slings
  7444 | D:6      | Reached XP level 9. HP: 62/62 MP: 13/18
  7465 | D:6      | Found Achipp's General Store.
  7933 | D:7      | Reached skill level 7 in Slings
  8071 | D:7      | Reached skill level 8 in Slings
  8177 | D:7      | Reached skill level 9 in Slings
  8343 | D:7      | Reached skill level 5 in Fire Magic
  8381 | D:7      | Reached XP level 10. HP: 64/69 MP: 8/19
  8393 | D:7      | Reached skill level 5 in Conjurations
  8570 | D:7      | Reached **** piety under Demigod
  8883 | D:7      | Noticed Pikel
  8909 | D:7      | Killed Pikel
  9221 | D:7      | Identified the +2 flail of Extinguishment {flame, +Inv
                  | Str+5 Int-3}
  9529 | D:7      | Found a runed door.
  9533 | D:7      | Noticed Crazy Yiuf
  9538 | D:7      | Killed Crazy Yiuf
  9567 | D:7      | Got an ichor-stained mace
  9570 | D:7      | Identified the +6 mace "Demonslayer" {venom, Stlth+} (You
                  | found it on level 7 of the Dungeon)
  9892 | D:8      | Noticed a purple ugly thing
  9909 | D:8      | Killed a purple ugly thing
 10409 | D:8      | Found Saezuq's Jewellery Emporium.
 10423 | D:8      | Bought the ring "Vitainutz" {Wiz Int+3 Dex+5 SInv} for 663
                  | gold pieces
 11168 | D:8      | Found a staircase to the Lair.
 11299 | Lair:1   | Entered Level 1 of the Lair of Beasts
 11354 | Lair:1   | Noticed Gastronok
 11388 | D:8      | Reached XP level 11. HP: 35/74 MP: 10/20
 11913 | D:9      | Reached skill level 1 in Evocations
 11997 | D:9      | Found a shadowy altar of Dithmenos.
 11999 | D:9      | Found a hazy altar of Hepliaklqana.
 12545 | D:9      | Noticed Prince Ribbit
 12550 | D:9      | Killed Prince Ribbit
 12612 | D:9      | Found a corrupted altar of Lugonu.
 12614 | D:9      | Found a sacrificial altar of Ru.
 12615 | D:9      | Found a sparkling altar of Nemelex Xobeh.
 12733 | D:9      | Reached skill level 5 in Spellcasting
 12814 | D:9      | Found a basalt altar of Yredelemnul.
 13100 | Lair:1   | Learned a level 4 spell: Olgreb's Toxic Radiance
 13104 | Lair:1   | Learned a level 3 spell: Ignite Poison
 13398 | Lair:1   | Reached skill level 1 in Poison Magic
 14249 | D:10     | Entered Level 10 of the Dungeon
 14249 | D:10     | Noticed a white ugly thing
 17109 | Lair:1   | Killed Gastronok
 17110 | Lair:1   | Reached skill level 10 in Slings
 17424 | Lair:2   | Noticed an oklob plant
 17688 | Lair:2   | Reached XP level 12. HP: 70/81 MP: 23/23
 17803 | Lair:2   | Reached skill level 5 in Poison Magic
 18048 | Lair:2   | Reached skill level 1 in Shields
 18582 | Lair:2   | Reached skill level 11 in Slings
 19098 | Lair:2   | Got a polished plate armour
 19506 | Lair:2   | Noticed a four-headed hydra
 19693 | Lair:2   | Killed a four-headed hydra
 19800 | Lair:2   | Noticed a six-headed hydra
 19947 | Lair:3   | Reached skill level 5 in Shields
 20174 | Lair:3   | Reached skill level 12 in Slings
 20345 | Lair:3   | Reached ***** piety under Demigod
 20562 | Lair:3   | Found a staircase to the Shoals.
 21953 | Lair:4   | Reached XP level 13. HP: 86/86 MP: 8/24
 22744 | Lair:5   | Reached skill level 13 in Slings
 23346 | Lair:5   | Reached skill level 5 in Dodging
 24726 | Lair:6   | Entered Level 6 of the Lair of Beasts
 24779 | Lair:6   | Found a runed door.
 24779 | Lair:6   | Found a viscous altar of Jiyva.
 24779 | Lair:6   | Noticed an acid blob
 24780 | Lair:6   | Found a staircase to the Slime Pits.
 25039 | Lair:5   | Identified the +0 plate armour of Vypank {Int+2} (You found
                  | it on level 2 of the Lair of Beasts)
 25271 | Lair:6   | Reached skill level 14 in Slings
 25477 | Lair:6   | Noticed Grum
 25603 | Lair:6   | Killed Grum
 26249 | Lair:6   | Reached XP level 14. HP: 93/93 MP: 17/25
 26877 | Lair:6   | Reached ****** piety under Demigod
 27300 | Lair:6   | Identified the +6 great sword of Cabrin {freeze, *Drain
                  | rPois rF+ rN++}
 27300 | Lair:6   | Noticed Kirke
 27511 | Lair:6   | Killed Kirke
 27922 | Lair:6   | Got an ancient quarterstaff
 28231 | Lair:6   | Reached skill level 15 in Slings
 29241 | Lair:6   | Reached skill level 10 in Dodging
 30612 | D:10     | Got a scintillating iron ring
 30657 | D:10     | Identified the ring of Xom's Ringing Laughter {*Contam
                  | rElec rN++ rCorr Int+2} (You found it on level 10 of the
                  | Dungeon)
 31470 | D:11     | Reached skill level 16 in Slings
 31865 | D:10     | Reached skill level 1 in Fighting
 32307 | D:10     | Reached XP level 15. HP: 45/105 MP: 0/26
 32429 | D:10     | Learned a level 5 spell: Summon Lightning Spire
 32538 | D:11     | Reached skill level 1 in Summonings
 32538 | D:11     | Reached skill level 1 in Air Magic
 32768 | D:11     | Found a staircase to the Orcish Mines.
 32842 | D:11     | Found a gate to the Vaults.
 33092 | D:11     | Found a roughly hewn altar of Beogh.
 33265 | D:11     | Found Jaen's Magic Scroll Boutique.
 33309 | Orc      | Entered the Orcish Mines
 33855 | Orc      | Found Kaijesoh's Food Shoppe.
 33855 | Orc      | Found Nyusik's Jewellery Shop.
 33868 | Orc      | Found Untuadig's Assorted Antiques.
 33870 | Orc      | Found Jiomia's Food Emporium.
 34172 | Orc      | Found a staircase to the Elven Halls.
 35384 | Shoals:1 | Entered Level 1 of the Shoals
 35640 | Shoals:1 | Reached skill level 10 in Invocations
 35708 | Shoals:1 | Noticed a kraken
 35753 | Shoals:1 | Killed a kraken
 36047 | Shoals:1 | Identified the cursed ring of Dishonesty {rPois Dex+5
                  | Stlth--}
 36794 | Shoals:1 | Identified the Tome of Orientation and Intoxication
 37650 | Shoals:2 | Reached skill level 5 in Summonings
 37650 | Shoals:2 | Reached skill level 5 in Air Magic
 38252 | Shoals:2 | Noticed Jorgrun
 38624 | Shoals:2 | Killed Jorgrun
 39114 | Shoals:3 | Entered Level 3 of the Shoals
 39203 | Shoals:3 | Noticed Polyphemus
 39402 | Shoals:3 | Reached XP level 16. HP: 61/112 MP: 12/29
 39783 | Shoals:3 | Identified the +1 spear of Zoituwirr {venom, rPois rC++}
 39808 | Shoals:3 | HP: 1/112 [wind drake/the air (12)]
 39821 | Shoals:3 | HP: 3/112 [wind drake/the air (4)]
 39823 | Shoals:3 | Killed from afar by a wind drake

Skill      XL: |  1  2  3  4  5  6  7  8  9 10 11 12 13 14 15 |
---------------+----------------------------------------------+-----
Conjurations   | 1 2 3 4 7 |  7.3
Dodging        | 2 3 7 10 | 10.0
Spellcasting   | 2 5 |  5.1
Fire Magic     | 3 4 5 7 |  7.8
Invocations    | 2 5 8 12 | 12.0
Slings         | 1 3 6 9 10 12 14 16 | 16.0
Evocations     | 4 |  4.0
Poison Magic   | 4 5 |  5.0
Shields        | 5 |  5.0
Fighting       | 2 |  2.4
Summonings     | 6 |  6.7
Air Magic      | 6 |  6.7
Stealth        | |  2.5

Action                   |  1- 3 |  4- 6 |  7- 9 | 10-12 | 13-15 | 16-18 || total
-------------------------+-------+-------+-------+-------+-------+-------++-------
Melee: Unarmed           |     2 |       |       |       |       |       ||     2
 Fire: Hunting sling     |    33 |   135 |   265 |       |       |       ||   433
       Fustibalus        |       |       |    55 |   746 |  1960 |    54 ||  2815
 Cast: Flame Tongue      |    60 |    50 |    85 |    34 |    58 |       ||   287
       Flaming Arrows    |     2 |    13 |    19 |    38 |    65 |       ||   137
       Conjure Flame     |       |     1 |    18 |    28 |    11 |       ||    58
       Sticky Flame      |       |       |     5 |    47 |   176 |     5 ||   233
       Olgreb's Toxic Ra |       |       |       |    19 |    35 |       ||    54
       Ignite Poison     |       |       |       |    14 |    30 |       ||    44
       Summon Lightning  |       |       |       |       |     4 |     2 ||     6
Invok: Heroism           |       |       |       |     2 |     9 |     1 ||    12
       Major Destruction |       |       |       |     3 |    10 |       ||    13
       Smiting           |       |       |       |       |    10 |       ||    10
       Growth            |       |       |       |       |     1 |       ||     1
       Divine Shield     |       |       |       |       |       |     1 ||     1
       Temporal Distorti |       |       |       |       |       |     1 ||     1
 Abil: Evoke Invisibilit |       |       |       |       |     2 |       ||     2
       Evoke Flight      |       |       |       |       |     1 |       ||     1
Evoke: Wand              |       |       |       |     1 |     1 |       ||     2
       Lamp of fire      |       |       |       |       |     2 |       ||     2
  Use: Scroll            |       |     4 |       |    17 |     7 |     9 ||    37
       Potion            |       |       |       |     1 |     8 |     2 ||    11
  Eat: Chunk             |     5 |    15 |    18 |    66 |   119 |     4 ||   227
       Ration            |       |       |     3 |     7 |    11 |       ||    21
Armor: Robe              |     5 |    13 |    30 |    90 |       |       ||   138
       Steam dragon scal |       |       |       |    11 |   241 |    13 ||   265
Dodge: Dodged            |    40 |    50 |    84 |   241 |   740 |    37 ||  1192
Block: Other             |       |       |     5 |    48 |       |       ||    53
       Reflection        |       |       |     2 |     9 |    73 |    14 ||    98
       Buckler           |       |       |       |    70 |   915 |    52 ||  1037
